 Dungeon Sprint DCSS version 0.30-a0-777-ga9a30cbeda (webtiles) character file.

Game seed: 3758347494414321780

690 sircluck the Cleaver (level 7, 0/71 HPs)
             Began as a Hill Orc Fighter on Feb 13, 2023.
             Succumbed to a hornet's poison
             ... while paralysed by a floating eye
             ... in the Dungeon (Sprint VII: "The Pits").
             The game lasted 00:03:42 (737 turns).

sircluck the Cleaver (Hill Orc Fighter)              Turns: 737, Time: 00:03:43

Health: 0/71       AC: 14    Str: 21    XL:     7   Next: 63%
Magic:  7/7        EV:  2    Int:  8    God:
Gold:   0          SH:  0    Dex: 10    Spells: 6/6 levels left

rFire   . . .      SeeInvis .    o - +2 hand axe
rCold   . . .      Faith    .    c - +0 buckler
rNeg    . . .      Spirit   .    p - +3 chain mail
rPois   .          Reflect  .    (no helmet)
rElec   .          Harm     .    (no cloak)
rCorr   .          Rampage  .    (no gloves)
Will    .....      NoTele   +    (no boots) Stlth
                                 (no amulet)
HPRegen 0.31/turn                (no ring)
MPRegen 0.10/turn                (no ring)

@: paralysed, lethally poisoned (0 -> -10), slowed
A: no striking features
a: no special abilities


You were in the Dungeon.
You visited 1 branch

Inventory:

Hand Weapons
 a - a +0 war axe
 o - a +2 hand axe (weapon)
 q - a +2 heavy mace
 r - a +0 shortbow
Missiles
 n - 9 stones (quivered)
Armour
 b - a +0 scale mail
 c - a +0 buckler (worn)
 p - a +3 chain mail (worn)
Scrolls
 j - a scroll of blinking
 l - 5 scrolls of amnesia
 m - a scroll of summoning
Potions
 d - a potion of might
 e - 5 potions of curing
 f - 4 potions of heal wounds
 g - a potion of haste
 h - 4 potions of magic
 i - 3 potions of berserk rage
 k - 2 potions of invisibility


   Skills:
 + Level 9.7 Fighting
 + Level 12.2 Axes
 + Level 9.5 Armour
 + Level 2.7 Dodging
 + Level 7.8 Shields


You had 6 spell levels left.
You didn't know any spells.
Your spell library was empty.

Dungeon Overview and Level Annotations

Branches:
Dungeon (1/1)

Altars:
Cheibriados
Dithmenos
Elyvilon
Fedhas
Gozag
Hepliaklqana
Makhleb
Nemelex Xobeh
Okawaru
Qazlal
Ru
Sif Muna
Trog
Wu Jian
Xom
Yredelemnul
Zin
The Shining One
Jiyva


Message History

The hornet stings you but does no damage. x2
You feel sick. The hornet stings you.
You are more poisoned.
You feel yourself slow down. The floating eye's view fixates on you.
You can move again.
You barely miss the hornet.
The hornet is severely wounded.
You feel very sick. You block the hornet's attack. The hornet stings you.
You feel as though you will be slow longer.
You miss the hornet.
The hornet is severely wounded.
You feel very sick. The hornet stings you.
* * * LOW HITPOINT WARNING * * *
You are lethally poisoned!
You feel as though you will be slow longer.
The hornet stings you but does no damage.
You feel better.
The hornet stings you but does no damage.
The hornet stings you!
* * * LOW HITPOINT WARNING * * *
You feel as though you will be slow longer.
You slash the hornet!
The hornet is almost dead.
You block the hornet's attack.
The floating eye gazes piercingly through you!
You suddenly lose the ability to move!
The hornet stings you.
* * * LOW HITPOINT WARNING * * *
You feel as though you will be slow longer.
The hornet stings you!
* * * LOW HITPOINT WARNING * * *
You feel as though you will be slow longer.
The hornet stings you!
* * * LOW HITPOINT WARNING * * *
You are lethally poisoned!
You feel as though you will be slow longer.
You die...

#†#....)...##.......#
#)#........##.......#
#'###########.......#
#.......#..##########
#.......#†######
#...#...#)#....#
#..###..#'#....#
#...#...#.yG...+
#.......#@#
#.......).#
###########


You could see a hornet and a floating eye.

Vanquished Creatures
  A warg (D)
  A floating eye (D)
  An ice beast (D)
  A centaur (D)
  Blork the orc (D)
  A kobold brigand (D)
  A necrophage (D)
  A jelly (D)
  A gnoll bouda (D)
  2 adders (D)
  A white imp (D)
  3 ufetubi (D)
  An adder skeleton (D)
  A bat zombie (D)
  3 goblins (D)
  A bat (D)
21 creatures vanquished.

Notes
Turn   | Place    | Note
-------+----------+-------------------------------------------
     0 | D        | sircluck the Hill Orc Fighter began the quest for the Orb.
     0 | D        | Reached XP level 1. HP: 19/19 MP: 1/1
    82 | D        | Found a bloodstained altar of Trog.
    82 | D        | Found a shimmering blue altar of Sif Muna.
    82 | D        | Found a viscous altar of Jiyva.
    82 | D        | Found a hazy altar of Hepliaklqana.
    82 | D        | Found an opulent altar of Gozag.
    83 | D        | Found a glowing golden altar of the Shining One.
    83 | D        | Found a glowing silver altar of Zin.
    83 | D        | Found a basalt altar of Yredelemnul.
    83 | D        | Found a shimmering altar of Xom.
    83 | D        | Found an ornate altar of the Wu Jian Council.
    83 | D        | Found a sacrificial altar of Ru.
    83 | D        | Found a stormy altar of Qazlal.
    83 | D        | Found an iron altar of Okawaru.
    83 | D        | Found a sparkling altar of Nemelex Xobeh.
    83 | D        | Found a burning altar of Makhleb.
    83 | D        | Found a blossoming altar of Fedhas.
    83 | D        | Found a white marble altar of Elyvilon.
    83 | D        | Found a shadowy altar of Dithmenos.
    83 | D        | Found a snail-covered altar of Cheibriados.
    91 | D        | Reached XP level 2. HP: 27/27 MP: 2/2
    95 | D        | Reached skill level 3 in Axes
   162 | D        | Noticed a floating eye
   164 | D        | Paralysed by a floating eye for 3 turns
   168 | D        | Killed a floating eye
   169 | D        | Reached skill level 6 in Axes
   169 | D        | Reached skill level 1 in Dodging
   169 | D        | Reached XP level 3. HP: 32/38 MP: 3/3
   169 | D        | Reached XP level 4. HP: 38/45 MP: 4/4
   169 | D        | Reached XP level 5. HP: 43/51 MP: 5/5
   263 | D        | Noticed Blork the orc
   264 | D        | Noticed a kobold brigand
   264 | D        | Noticed a warg
   280 | D        | Killed Blork the orc
   281 | D        | Reached skill level 8 in Axes
   294 | D        | Killed a kobold brigand
   295 | D        | Reached XP level 6. HP: 29/61 MP: 6/6
   306 | D        | Reached skill level 9 in Axes
   321 | D        | Killed a warg
   322 | D        | Reached skill level 10 in Axes
   334 | D        | Reached XP level 7. HP: 34/69 MP: 7/7
   463 | D        | Reached skill level 11 in Axes
   607 | D        | Reached skill level 12 in Axes
   717 | D        | Noticed a hornet
   717 | D        | Paralysed by a floating eye for 3 turns
   725 | D        | Paralysed by a floating eye for 2 turns
   728 | D        | Paralysed by a floating eye for 3 turns
   734 | D        | Paralysed by a floating eye for 4 turns
   736 | D        | HP: 2/71 [hornet (7)]
   737 | D        | Succumbed to a hornet's poison

Illustrated notes

Levels and vault maps discovered:
D:        pitsprint [storerooms_1, entrance_room_1, metal_vault_4, armoury_3,
          mini_pit_1, grid_room_1, main_hall_1, silver_pit, the_coven_1,
          the_vestibule_1, steel_vault_5, golden_pit, hallway_of_sentries,
          crystal_vault_2, iron_vault_1, final_vault]

Skill      XL: |  1  2  3  4  5  6  7 |
---------------+----------------------+-----
Fighting       | 4 6 7 8 9 |  9.7
Shields        | 4 6 7 |  7.8
Axes           | 6 8 10 12 | 12.2
Armour         | 6 7 8 9 |  9.5
Dodging        | 1 2 |  2.7

Action                     |  1- 3 |  4- 6 |  7- 9 || total
---------------------------+-------+-------+-------++-------
  Melee: War axe           |     7 |       |       ||     7
         Hand axe          |    23 |    59 |    60 ||   142
  Throw: Stone             |       |       |     1 ||     1
    Use: Potion            |       |     2 |     1 ||     3
 Armour: Scale mail        |    33 |       |       ||    33
         Chain mail        |       |    21 |    23 ||    44
  Dodge: Dodged            |    29 |    12 |    19 ||    60
  Block: Buckler           |    12 |    11 |    11 ||    34

Table legend: (Time is in decaauts)
 A = Elapsed time spent in this place.
 B = Non-inter-level travel time spent in this place.
 C = Inter-level travel time spent in this place.
 D = Time resting spent in this place.
 E = Time spent auto-exploring this place.
 F = Levels seen in this place.
 G = Mean time per level.
                   A        B        C        D        E       F      G
               +--------+--------+--------+--------+--------+-----+--------+
         Total |    728 |    726 |      2 |    300 |    145 |   1 |  728.0 |
       Dungeon |    728 |    726 |      2 |    300 |    145 |   1 |  728.0 |
               +--------+--------+--------+--------+--------+-----+--------+

Top non-repeatable levels by time:
       D: 728 daAuts
